 Dungeon Crawl Stone Soup version 0.27-a0-661-gca034ae587 (webtiles) character file.

Game seed: 8823086327234222900

84 Johnny the Magician (level 4, 0/26 HPs)
             Began as a Deep Elf Earth Elementalist on Mar 17, 2021.
             Slain by a worker ant (5 damage)
             ... on level 4 of the Dungeon.
             The game lasted 00:02:44 (2759 turns).

Johnny the Magician (Deep Elf Earth Elementalist)   Turns: 2759, Time: 00:02:44

Health: 0/26       AC:  2    Str:  5    XL:     4   Next: 23%
Magic:  8/12       EV: 12    Int: 21    God:
Gold:   156        SH:  0    Dex: 15    Spells: 10/11 levels left

rFire    . . .     SeeInvis .   s - +0 mace
rCold    . . .     Faith    .   (no shield)
rNeg     . . .     Spirit   .   c - +0 robe
rPois    +         Reflect  .   (no helmet)
rElec    .         Harm     .   (no cloak)
rCorr    .         Rampage  .   (no gloves)
Will     .....                  (no boots)
Stlth    ++........             j - amulet of the acrobat
HPRegen  0.08/turn              h - ring of poison resistance
MPRegen  0.13/turn              n - +4 ring of slaying

@: no status effects
A: no striking features
a: no special abilities


You were on level 4 of the Dungeon.
You visited 1 branch of the dungeon, and saw 4 of its levels.

You collected 156 gold pieces.

Inventory:

Hand Weapons
 s - a +0 mace (weapon)
Missiles
 b - 195 stones
Armour
 c - a +0 robe (worn)
Jewellery
 h - a ring of poison resistance (right hand)
 i - an amulet of faith
 j - an amulet of the acrobat (around neck)
 n - a +4 ring of slaying (left hand)
Wands
 m - a wand of flame (17)
Scrolls
 d - 2 scrolls of enchant armour {unknown}
 f - 8 scrolls of identify {unknown}
 o - 2 scrolls of amnesia {unknown}
 r - a scroll of blinking {unknown}
Potions
 a - 2 potions of curing
 e - a potion of brilliance {unknown}
 g - 2 potions of ambrosia {unknown}
 k - a potion of cancellation {unknown}
 l - a potion of flight {unknown}
 p - 4 potions of mutation {unknown}
 q - a potion of invisibility {unknown}


   Skills:
 * Level 2.1 Fighting
 - Level 2.4 Dodging
 - Level 2.4 Stealth
 + Level 4.0 Spellcasting
 - Level 1.1 Transmutations
 + Level 3.9 Earth Magic


You had 10 spell levels left.
You knew the following spells:

 Your Spells              Type           Power      Damage    Failure   Level
a - Sandblast             Erth           40%        2d10      2%          1

Your spell library contained the following spells:

 Spells                   Type           Power      Damage    Failure   Level
 Passwall                 Tmut/Erth      11%        N/A       6%          2
 Magic Dart               Conj           16%        1d3       12%         1
 Stone Arrow              Conj/Erth      24%        3d8       16%         3
 Blink                    Tloc           N/A        N/A       19%         2
 Call Imp                 Summ           4%         N/A       19%         2
 Slow                     Hex            4%         N/A       19%         2
 Conjure Flame            Conj/Fire      4%         6-21      34%         3
 Mephitic Cloud           Conj/Pois/Air  4%         N/A       34%         3
 Petrify                  Tmut/Erth      14%        N/A       38%         4
 Lee's Rapid Deconstruct  Erth           10%        3d9*      54%         5


Dungeon Overview and Level Annotations

Branches:
Dungeon (4/15)
 Temple: D:4-7

Altars:
Ashenzari
Trog
Xom
The Shining One


Message History

A hound skeleton comes into view.
An orc wizard comes into view. It is wielding a +0 dagger.
Casting: Sandblast (safe; 2% risk of failure)
Confirm with . or Enter, or press ? or * to list all spells.
Aiming: Sandblast (safe; 2% risk of failure)
Press: ? - help, Shift-Dir - straight line, f/p - orc
Aim: an orc, wielding a +0 trident and wearing a +0 leather armour (moderately wounded, 19% to evade)
The blast of sand misses the orc.
The orc hits you from afar with a +0 trident.
Casting: Sandblast (safe; 2% risk of failure)
Confirm with . or Enter, or press ? or * to list all spells.
Aiming: Sandblast (safe; 2% risk of failure)
Press: ? - help, Shift-Dir - straight line, f/p - orc
Aim: an orc, wielding a +0 trident and wearing a +0 leather armour (moderately wounded, 19% to evade)
The blast of sand hits the orc.
The orc is almost dead.
The worker ant bites you.
The orc hits you from afar with a +0 trident.
Casting: Sandblast (safe; 2% risk of failure)
Confirm with . or Enter, or press ? or * to list all spells.
Aiming: Sandblast (safe; 2% risk of failure)
Press: ? - help, Shift-Dir - straight line, f/p - orc
Aim: an orc, wielding a +0 trident and wearing a +0 leather armour (almost dead, 19% to evade)
The blast of sand hits the orc.
You kill the orc!
The worker ant closely misses you. The orc hits you with a +0 mace!
* * * LOW HITPOINT WARNING * * *
Unknown command.
Okay, then.
Okay, then.
It was a potion of curing.
You feel better. The worker ant closely misses you. The orc barely misses you.
The worker ant bites you!
* * * LOW HITPOINT WARNING * * *
A leopard gecko skeleton comes into view.
You feel better. The orc hits you with a +0 mace.
* * * LOW HITPOINT WARNING * * *
The orc wizard hits you with a +0 dagger.
* * * LOW HITPOINT WARNING * * *
The worker ant bites you.
You die...

............###
...............
...............
...............
Z.^............
.........[.....
......BZ...#.#
#..o@.....#
.....)o........
###..#######.##
#. #. #


You could see a worker ant, an orc wizard, an orc, a leopard gecko skeleton
(wandering) and a hound skeleton.

Vanquished Creatures
  3 adders (D:3)
  A worm (D:3)
  2 dart slugs
  2 leopard geckos (D:2)
  6 orcs
  3 ball pythons
  4 bats
  A giant cockroach (D:1)
  3 goblins
  5 hobgoblins
  A quokka (D:3)
  A frilled lizard (D:2)
  A kobold (D:1)
  9 rats
42 creatures vanquished.

Notes
Turn   | Place    | Note
-------+----------+-------------------------------------------
     0 | D:1      | Johnny the Deep Elf Earth Elementalist began the quest for
                  | the Orb.
     0 | D:1      | Reached XP level 1. HP: 10/10 MP: 6/6
   434 | D:1      | Reached XP level 2. HP: 13/16 MP: 5/8
   626 | D:1      | Reached skill level 1 in Fighting
  1045 | D:2      | Found a shimmering altar of Xom.
  1045 | D:2      | Found a glowing golden altar of the Shining One.
  1045 | D:2      | Found a broken altar of Ashenzari.
  1542 | D:2      | Reached XP level 3. HP: 17/20 MP: 8/10
  2397 | D:3      | Reached XP level 4. HP: 26/26 MP: 7/11
  2447 | D:3      | Reached skill level 4 in Spellcasting
  2576 | D:3      | Noticed a moth of wrath
  2600 | D:3      | Found a bloodstained altar of Trog.
  2759 | D:4      | Slain by a worker ant

Illustrated notes

Levels and vault maps discovered:
D:1:      dpeg_arrival_rhombi, layout_rooms, minmay_hedge_maze
D:2:      layout_basic, chequers_temple_overflow_statue_of_worship
D:3:      layout_basic, tgw_trog, saegor_snake_ambush
D:4:      layout_rooms, led_xom_imps

Skill      XL: |  1  2  3  4 |
---------------+-------------+-----
Fighting       | 1 2 |  2.1
Spellcasting   | 4 |  4.0
Dodging        | |  2.4
Stealth        | |  2.4
Transmutations | |  1.1
Earth Magic    | |  3.9

Action                   |  1- 3 |  4- 6 || total
-------------------------+-------+-------++-------
Melee: Unarmed           |    10 |       ||    10
 Cast: Sandblast         |    53 |    13 ||    66
  Use: Potion            |       |     2 ||     2
 Stab: Sleeping          |     2 |       ||     2
Armor: Robe              |     9 |       ||     9
Dodge: Dodged            |    31 |     6 ||    37

Table legend: (Time is in decaauts)
 A = Elapsed time spent in this place.
 B = Non-inter-level travel time spent in this place.
 C = Inter-level travel time spent in this place.
 D = Time resting spent in this place.
 E = Time spent auto-exploring this place.
 F = Levels seen in this place.
 G = Mean time per level.
                   A        B        C        D        E       F      G
               +--------+--------+--------+--------+--------+-----+--------+
         Total |   2774 |   2731 |     43 |    254 |   2215 |   4 |  693.5 |
       Dungeon |   2774 |   2731 |     43 |    254 |   2215 |   4 |  693.5 |
               +--------+--------+--------+--------+--------+-----+--------+

Top non-repeatable levels by time:
     D:2: 1080 daAuts
     D:1: 906 daAuts
     D:3: 782 daAuts
     D:4: 5 daAuts
